 Dungeon Crawl Stone Soup version 0.19-a0-27-g415f530 (webtiles) character file.

13 M4edhros the Grave Robber (level 2, -1/25 HPs)
             Began as an Octopode Necromancer on May 1, 2016.
             Slain by a worm (6 damage)
             ... on level 3 of the Dungeon.
             The game lasted 00:00:56 (139 turns).

M4edhros the Grave Robber (Octopode Necromancer)     Turns: 139, Time: 00:00:56

Health: -1/25      AC: 21    Str:  7    XL:     2   Next: 37%
Magic:  5/5        EV:  2    Int: 17    God:
Gold:   0          SH:  3    Dex: 12    Spells: 1 memorised, 4 levels left

rFire  . . .     SeeInvis .       - Unarmed
rCold  . . .     Gourm    .     c - +0 buckler
rNeg   + + +     Faith    .     (helmet currently unavailable)
rPois  +         Spirit   .     (no amulet)
rElec  .         Dismiss  .     (no ring)
rCorr  .         Reflect  .     (no ring)
SustAt .         Harm     .     (no ring)
MR     .....     NoTele   +     (no ring)
Stlth  +++.......               (no ring)
                                (no ring)
                                (no ring)
                                (no ring)

@: tree-form, not resistant to hostile enchantments, fairly stealthy
A: almost no armour, (amphibious), 8 rings, (constrict 8), (camouflage 0),
(gelatinous body 0)
a: no special abilities


You were on level 3 of the Dungeon.
You were not hungry.
You were a tree.
You visited 1 branch of the dungeon, and saw 3 of its levels.

Inventory:

Armour
 c - a +0 buckler (worn)
Scrolls
 d - 2 scrolls of identify {unknown}
Books
 a - a book of Necromancy

   Spells                             Type                      Level
   a - Pain                           Necromancy                   1
   b - Animate Skeleton               Necromancy                   1
   c - Vampiric Draining              Necromancy                   3
   d - Regeneration                   Charms/Necromancy            3
   e - Animate Dead                   Necromancy                   4
   f - Control Undead                 Necromancy                   4
Comestibles
 b - a bread ration


   Skills:
 - Level 2.0 Dodging
 - Level 2.6 Stealth
 + Level 2.0 Unarmed Combat
 - Level 2.0 Spellcasting
 - Level 4.0 Necromancy


You had 4 spell levels left.
You knew the following spells:

 Your Spells              Type           Power        Failure   Level  Hunger
a - Pain                  Necr           ###.         8%          1    #......


Dungeon Overview and Level Annotations

Branches:
Dungeon (3/15)

Altars:
Kikubaaqudgha
Xom


Innate Abilities, Weirdness & Mutations

You cannot wear most types of armour.
((You are amphibious.))
You can wear up to eight rings at the same time.
((You can use your tentacles to constrict eight enemies at once.))
((Your skin changes colour to match your surroundings (Stealth).))
((Your rubbery body absorbs attacks (AC +1).))


Message History

What do you say? t - Creak!
Orders for allies: a - Attack new target. r - Retreat! s - Stop attacking. w - Wait here. f - Follow me.
Anything else - Stay silent.
You creak for attention!
What do you say? t - Creak!
Orders for allies: a - Attack new target. r - Retreat! s - Stop attacking. w - Wait here. f - Follow me.
Anything else - Stay silent.
You creak for attention!
You hit the worm.
The worm is lightly wounded.
You hit the worm.
The worm is lightly wounded.
The worm bites you.
You die...

#.##w#### ##...##.............
#.......###...................
#............#.##<............
#.........##.#.##.............
#####...#.##.#.###............
###.......................
#.#....#.##...........<.
#...#.)#.##....#######..
###...w♣................
###...............####
#..##...#######.....
#.###.#.####......## #.#
#.#............# #..
#.####.......... ##. ..#
#.......... # ... #..........
#... #..........


You could see a worm.

Vanquished Creatures
  An adder (D:3)
  An orc (D:3)
  A quokka (D:2)
  A giant newt (D:3)
4 creatures vanquished.

Notes
Turn   | Place    | Note
--------------------------------------------------------------
     0 | D:1      | M4edhros the Octopode Necromancer began the quest for the Orb.
     0 | D:1      | Reached XP level 1. HP: 11/11 MP: 3/3
    39 | D:3      | Reached skill level 1 in Unarmed Combat
    39 | D:3      | Reached XP level 2. HP: 7/17 MP: 0/5
    68 | D:3      | Found an ancient bone altar of Kikubaaqudgha.
   109 | D:3      | Found a shimmering altar of Xom.
   139 | D:3      | Slain by a worm

Vault maps used:
D:1:      minmay_arrival_four_houses
D:2:      lemuel_crystal_altar, xom_teletrap_fun, uniq_sigmund
D:3:      grunt_temple_overflow_open, kennysheep_generic_room_14, uniq_natasha

Skill      XL: |  1  2 |
---------------+-------+-----
Unarmed Combat | 1 2 |  2.0
Dodging        | |  2.0
Stealth        | |  2.6
Spellcasting   | |  2.0
Necromancy     | |  4.0

Action                   || total
-------------------------++-------
Melee: Unarmed           ||     4
       Constrict         ||     1
 Cast: Pain              ||     7
  Use: Potion            ||     1
Dodge: Dodged            ||     1
